 Dungeon Crawl Stone Soup version 0.22.1-1-ga44c0e5 (webtiles) character file.

4797 Fang the Cleaver (level 10, 0/96 HPs)
             Began as a Gargoyle Berserker on Oct 29, 2018.
             Was a High Priest of Trog.
             Slain by a troll (2 damage)
             ... on level 9 of the Dungeon.
             The game lasted 00:08:48 (9088 turns).

Fang the Cleaver (Gargoyle Berserker)               Turns: 9088, Time: 00:08:48

Health: 0/96       AC: 10    Str: 36    XL:     10   Next: 48%
Magic:  10/10      EV: 12    Int: 16    God:    Trog [*****.]
Gold:   604        SH:  0    Dex:  5    Spells: 9/9 levels left

rFire    + . .     SeeInvis .   u - +0 war axe (drain)
rCold    x . .     Gourm    +   (no shield)
rNeg     + . .     Faith    .   m - +1 robe of the Duke {MR- Str+8 Int+7 Dex-4}
rPois    ∞         Spirit   .   (no helmet)
rElec    +         Reflect  .   (no cloak)
rCorr    .         Harm     .   (no gloves)
MR       .....                  (no boots)
Stlth    ..........             p - amulet of the gourmand
HPRegen  0.26/turn              s - ring of fire
MPRegen  0.12/turn              (no ring)

@: berserking, very quick
A: negative energy resistance 1, electricity resistance, unbreathing,
petrification resistance, rot immunity, AC +7
a: Berserk, Trog's Hand, Brothers in Arms, Renounce Religion


You were on level 9 of the Dungeon.
You worshipped Trog.
Trog was extremely pleased with you.
You were full.

You visited 2 branches of the dungeon, and saw 10 of its levels.

You collected 604 gold pieces.

Inventory:

Hand Weapons
 u - a +0 war axe of draining (weapon)
Armour
 m - the +1 robe of the Duke (worn) {MR- Str+8 Int+7 Dex-4}
   (You found it on level 7 of the Dungeon)

   It affects your strength (+8).
   It affects your intelligence (+7).
   It affects your dexterity (-4).
   It affects your resistance to hostile enchantments.
 y - a +3 plate armour
Jewellery
 p - an amulet of the gourmand (around neck)
 s - a ring of fire (left hand)
Wands
 b - a wand of enslavement (8)
 k - a wand of iceblast (13)
Scrolls
 d - a scroll of fear
 f - 8 scrolls of remove curse
 g - 2 scrolls of fog
 j - 4 scrolls of teleportation
 v - a scroll of identify
 A - a scroll of blinking
Potions
 a - 2 potions of brilliance {unknown}
 e - a potion of ambrosia {unknown}
 h - 2 potions of might
 i - 5 potions of curing
 l - 3 potions of mutation
 n - 3 potions of flight
 o - a potion of cancellation
 q - a potion of heal wounds
 r - 3 potions of invisibility
 t - 2 potions of haste
 w - a potion of lignification {unknown}
 x - a potion of degeneration {unknown}
Comestibles
 c - 18 rations


   Skills:
 + Level 8.1 Fighting
 + Level 10.4 Axes
 + Level 3.9 Armour
 + Level 5.4 Dodging
 + Level 4.1 Stealth


You had 9 spell levels left.
You didn't know any spells.
Your spell library was empty.

Dungeon Overview and Level Annotations

Branches:
Dungeon (9/15)             Temple (1/1) D:6
   Lair: D:8-11         Orc: D:9-12

Altars:
Dithmenos
Elyvilon
Fedhas
Gozag
Hepliaklqana
Makhleb
Nemelex Xobeh
Okawaru
Uskayaw
Xom
Yredelemnul
The Shining One

Shops:
D:5 *


Innate Abilities, Weirdness & Mutations

You are resistant to torment.
Your stone body is resilient. (AC +7)
You are immune to poison.
You resist negative energy. (rN+)
You are resistant to electric shocks. (rElec)
You can survive without breathing.
You are immune to petrification.
You are immune to rotting.


Message History

The troll misses you. The troll claws you.
* * * LOW HITPOINT WARNING * * *
The troll claws you!
* * * LOW HITPOINT WARNING * * *
Unknown command.
You closely miss the troll.
The troll is lightly wounded.
Unknown command.
You closely miss the troll.
The troll is lightly wounded.
The troll bites you but does no damage. The troll claws you.
* * * LOW HITPOINT WARNING * * *
The troll claws you.
* * * LOW HITPOINT WARNING * * *
You slash the troll! You drain the troll!
The troll is moderately wounded.
You slash the troll! You drain the troll!
The troll is almost dead.
The troll bites you.
You die...

##.##...............#
##...........#######.#
#............# ####.###
#............####.).....
#.................##.###
#.....##############.#
#.......# #.###
#...###.# #.... #.#. #@#
##### # # #T# #.# #.#
#.# #.# ... #.# #.#


You could see a troll.

Vanquished Creatures
  2 two-headed ogres
  A hornet (D:7)
  Sigmund (D:3)
  A hungry ghost (D:7)
  2 water moccasins
  An orc warrior (D:6)
  3 ice beasts
  A sky beast (D:9)
  2 phantoms
  2 ogres
  A centaur (D:6)
  Blork the orc (D:5)
  A bullfrog (D:2)
  3 scorpions
  6 killer bees (D:7)
  A howler monkey (D:5)
  3 wights (D:9)
  3 crimson imps
  A centaur zombie (D:5)
  4 hounds
  4 jellies
  3 orc priests
  A bullfrog skeleton (D:5)
  2 centaur skeletons
  7 orc wizards
  Terence (D:3)
  4 worker ants
  A hound zombie (D:6)
  A hound skeleton (D:6)
  A worker ant zombie (D:7)
  4 gnolls (D:5)
  13 adders
  2 shadow imps (D:7)
  5 oozes (D:8)
  2 adder skeletons
  An adder zombie (D:5)
  4 worms
  2 dart slugs
  5 leopard geckos
  36 orcs
  2 ball pythons (D:4)
  A bat (D:3)
  6 giant cockroaches
  5 hobgoblins
  5 jackals
  6 kobolds
  5 quokkas
  2 frilled lizards
  A giant cockroach zombie (D:5)
  5 goblins
  2 quokka skeletons
  3 rats
182 creatures vanquished.

Notes
Turn   | Place    | Note
-------+----------+-------------------------------------------
     0 | D:1      | Fang the Gargoyle Berserker began the quest for the Orb.
     0 | D:1      | Reached XP level 1. HP: 14/14 MP: 1/1
    77 | D:1      | Reached XP level 2. HP: 19/19 MP: 2/2
   156 | D:1      | Reached skill level 3 in Axes
   555 | D:2      | Noticed a bullfrog
   562 | D:2      | Killed a bullfrog
   562 | D:2      | Reached XP level 3. HP: 11/24 MP: 3/3
   562 | D:2      | Reached XP level 4. HP: 14/29 MP: 4/4
   685 | D:2      | Found a burning altar of Makhleb.
  1190 | D:2      | Found an iron altar of Okawaru.
  1197 | D:2      | Reached XP level 5. HP: 29/33 MP: 5/5
  1497 | D:3      | Reached skill level 1 in Stealth
  1519 | D:3      | Reached ** piety under Trog
  1754 | D:3      | Noticed Terence
  1764 | D:3      | Killed Terence
  1832 | D:3      | Reached skill level 4 in Axes
  1913 | D:3      | Noticed Sigmund
  1935 | D:3      | HP: 1/51 [something (6)]
  1937 | D:3      | Killed Sigmund
  1937 | D:3      | Reached XP level 6. HP: 1/39 MP: 6/6
  1940 | D:3      | HP: 1/58 [worm (1)]
  2409 | D:3      | Reached skill level 5 in Axes
  2724 | D:3      | Found a blossoming altar of Fedhas.
  2841 | D:4      | Reached XP level 7. HP: 22/44 MP: 7/7
  3120 | D:4      | Found a shadowy altar of Dithmenos.
  3121 | D:4      | Found a hazy altar of Hepliaklqana.
  3762 | D:4      | Reached skill level 5 in Fighting
  3766 | D:4      | Reached *** piety under Trog
  3954 | D:5      | Entered Level 5 of the Dungeon
  4177 | D:5      | Found Leumem's Assorted Antiques.
  4222 | D:5      | Reached skill level 6 in Axes
  4222 | D:5      | Reached XP level 8. HP: 46/49 MP: 8/8
  4252 | D:5      | Found a sparkling altar of Nemelex Xobeh.
  4297 | D:5      | Noticed Blork the orc
  4307 | D:5      | Killed Blork the orc
  4887 | D:5      | Found a white marble altar of Elyvilon.
  5025 | D:5      | Reached skill level 7 in Axes
  5608 | D:6      | Reached **** piety under Trog
  6249 | D:6      | Found a shimmering altar of Xom.
  6263 | D:6      | Reached XP level 9. HP: 44/55 MP: 9/9
  6275 | D:6      | Reached skill level 8 in Axes
  6406 | D:6      | Found a staircase to the Ecumenical Temple.
  6431 | Temple   | Entered the Ecumenical Temple
  6456 | D:6      | Found an opulent altar of Gozag.
  7009 | D:7      | Got a crude robe
  7020 | D:7      | Identified the cursed +1 robe of the Duke {MR- Str+8 Int+7
                  | Dex-4} (You found it on level 7 of the Dungeon)
  7419 | D:7      | Noticed a hornet
  7425 | D:7      | Killed a hornet
  7447 | D:7      | Reached skill level 9 in Axes
  7733 | D:8      | Noticed a two-headed ogre
  7742 | D:8      | Killed a two-headed ogre
  7742 | D:8      | Reached skill level 5 in Dodging
  7742 | D:8      | Reached XP level 10. HP: 44/63 MP: 10/10
  7915 | D:8      | Found a basalt altar of Yredelemnul.
  8440 | D:9      | Noticed a two-headed ogre
  8443 | D:9      | Reached ***** piety under Trog
  8447 | D:9      | Killed a two-headed ogre
  8447 | D:9      | Reached skill level 10 in Axes
  9086 | D:9      | HP: 2/96 [troll (5)]
  9088 | D:9      | Slain by a troll

Skill      XL: |  1  2  3  4  5  6  7  8  9 10 |
---------------+-------------------------------+-----
Axes           | 3 4 5 6 7 9 10 | 10.4
Fighting       | 4 5 6 7 8 |  8.1
Dodging        | 2 3 4 5 |  5.4
Stealth        | 1 2 3 4 |  4.1
Armour         | 3 |  3.9

Action                   |  1- 3 |  4- 6 |  7- 9 | 10-12 || total
-------------------------+-------+-------+-------+-------++-------
Melee: Hand axe          |    33 |   186 |    22 |       ||   241
       War axe           |       |       |   406 |    86 ||   492
Invok: Berserk           |     2 |     1 |     7 |     2 ||    12
  Use: Potion            |       |     1 |       |       ||     1
       Scroll            |       |       |    18 |     3 ||    21
 Stab: Sleeping          |       |     2 |     2 |     1 ||     5
       Distracted        |       |       |       |     1 ||     1
  Eat: Chunk             |       |    19 |    34 |     7 ||    60
       Ration            |       |       |     1 |       ||     1
Armor: Animal skin       |    14 |    59 |    64 |       ||   137
       Plate armour      |       |       |    85 |       ||    85
       Robe              |       |       |    37 |    23 ||    60
Dodge: Dodged            |    26 |   113 |   301 |    52 ||   492
